 Dungeon Crawl Stone Soup version 0.20.1-1-g8b1a95d (webtiles) character file.

118617 Jazqa the Warrior (level 17, -7/116 HPs)
             Began as a Kobold Berserker on Nov 1, 2017.
             Was a High Priest of Trog.
             Mangled by a naga warrior
             ... wielding a +0 dire flail
              (26 damage)
             ... on level 3 of the Snake Pit.
             The game lasted 00:56:04 (29221 turns).

Jazqa the Warrior (Kobold Berserker)               Turns: 29221, Time: 00:56:04

Health: -7/116     AC: 11    Str: 23    XL:     17   Next: 32%
Magic:  17/17      EV: 24    Int: 11    God:    Trog [*****.]
Gold:   1343       SH:  0    Dex: 15    Spells: 16/16 levels left

rFire    . . .     SeeInvis .   a - +3 arbalest (velocity)
rCold    . . .     Gourm    .   (shield currently unavailable)
rNeg     . . .     Faith    +   y - +2 robe {MR+}
rPois    +         Spirit   .   g - +0 helmet
rElec    .         Reflect  .   r - +1 cloak
rCorr    .         Harm     .   x - +0 pair of gloves
MR       +++++                  u - +2 pair of boots {Fly}
Stlth    ++++++....             H - amulet of faith {!P}
Regen    1.3/turn               M - ring of protection from magic
MPRegen  0.2/turn               P - ring of poison resistance

@: mighty, lethally poisoned (-7 -> -7), regenerating, hasted, constricted, very
quick
A: carnivore 3
a: Berserk, Trog's Hand, Brothers in Arms, Burn Spellbooks, Renounce Religion,
Evoke Flight


You were on level 3 of the Snake Pit.
You worshipped Trog.
Trog was extremely pleased with you.
You were not hungry.

You visited 4 branches of the dungeon, and saw 24 of its levels.
You also visited: Labyrinth.

You collected 2377 gold pieces.
You spent 1034 gold pieces at shops.


Innate Abilities, Weirdness & Mutations

You are small and have problems with some larger weapons.
You are carnivorous and can eat meat at any time.


   Skills:
 + Level 16.7 Fighting
 - Level 10.7 Short Blades
 + Level 16.2 Crossbows
 - Level 1.5 Armour
 + Level 16.4 Dodging
 + Level 14.6 Stealth


You had 16 spell levels left.
You didn't know any spells.

Inventory:

Hand Weapons
 a - a +3 arbalest of velocity (weapon)
 b - the +5 quick blade of Proximity {antimagic, rElec}
   (You acquired it on level 7 of the Dungeon)

   It reduces the magical energy of the wielder, and disrupts the spells and
   magical abilities of those hit.
   Natural abilities and divine invocations are not affected.
   It insulates you from electricity.
Missiles
 k - 544 bolts (quivered)
Armour
 g - a +0 helmet (worn)
 r - a +1 cloak (worn)
 u - a +2 pair of boots of flying (worn)
 x - a +0 pair of gloves (worn)
 y - a +2 robe of magic resistance (worn)
 O - the +3 leather armour "Diuh" {Str+5}
   (You took it off a minotaur in a labyrinth)

   It affects your strength (+5).
Jewellery
 f - an uncursed ring of fire
 n - an uncursed ring of positive energy
 E - a +2 ring of evasion
 H - an amulet of faith (around neck) {!P}
 M - a ring of protection from magic (left hand)
 N - an uncursed ring of positive energy
 P - a ring of poison resistance (right hand)
 X - a +6 ring of dexterity
Wands
 p - a wand of iceblast (11/15)
 A - a wand of clouds (5/9)
 K - a wand of iceblast (8/15)
 Q - a wand of scattershot (7/9)
Scrolls
 d - 3 scrolls of magic mapping
 h - 7 scrolls of enchant weapon
 i - 8 scrolls of teleportation {@r4}
 m - 3 scrolls of recharging
 s - 2 scrolls of immolation {!r}
 v - a scroll of enchant armour
 w - 15 scrolls of remove curse {@r2}
 I - a scroll of blinking
Potions
 e - 5 potions of mutation {!q}
 l - 2 potions of invisibility
 o - 2 potions of ambrosia
 q - 2 potions of lignification {!q}
 t - a potion of agility
 D - 3 potions of might
 G - 2 potions of magic
 R - a potion of flight
Miscellaneous
 C - a lamp of fire
 S - a phial of floods
Comestibles
 c - 9 meat rations {@e1}
 F - 11 royal jellies {@e3}

Dungeon Overview and Level Annotations

Branches:
Dungeon (13/15)            Temple (0/1) D:6            Lair (6/6) D:9
 Shoals (0/4) Lair:4        Snake (2/4) Lair:3        Slime (0/5) Lair:5
    Orc (2/2) D:11            Elf (0/3) Orc:2
 Vaults: D:13-14

Altars:
Makhleb
Nemelex Xobeh
Okawaru
Trog
Vehumet
Zin
Jiyva

Shops:
Orc:2 :[!}=!

Annotations:
Snake:3 Bai Suzhen

...... ...
.....%# ###...
.......##.#....
..............#
.....N...(..#
.NNN.....#
#)SN...# #T@..#
######


You could see 2 naga warriors, 3 salamanders, an anaconda and a friendly iron
troll (berserk).


Message History

The anaconda constricts you. The naga warrior closely misses you.
The salamander hits you but does no damage.
Unknown command.
Unknown command.
You feel much better.
You feel sick. The anaconda barely misses you. The anaconda constricts you.
The naga warrior spits poison at you. The splash of poison misses you.
The anaconda closely misses you. The anaconda constricts you.
The salamander hits you from afar with an enchanted trident.
You are engulfed in flames!
* * * LOW HITPOINT WARNING * * *
The salamander closely misses you.
Your iron troll completely misses the anaconda.
Your iron troll barely misses the anaconda.
Your iron troll claws the anaconda.
The naga warrior spits poison at you. The splash of poison hits you!
You resist.
* * * LOW HITPOINT WARNING * * *
Unknown command.
You feel yourself speed up. The anaconda misses you.
* * * LOW HITPOINT WARNING * * *
The anaconda constricts you.
The naga warrior hits you with a dire flail!!
* * * LOW HITPOINT WARNING * * *
The anaconda completely misses you.
* * * LOW HITPOINT WARNING * * *
The anaconda constricts you. The salamander completely misses you.
The naga warrior hits you with a dire flail!!
You die...

Skill      XL: |  1  2  3  4  5  6  7  8  9 10 11 12 13 14 15 16 17 |
---------------+----------------------------------------------------+-----
Short Blades   | 5 6 7 8 10 | 10.7
Fighting       | 4 5 6 7 8 9 11 12 13 14 15 16 | 16.7
Crossbows      | 2 5 8 10 11 13 14 15 16 | 16.2
Dodging        | 3 5 8 10 12 13 14 15 16 | 16.4
Stealth        | 3 8 11 12 14 | 14.6
Armour         | |  1.5

Action                   |  1- 3 |  4- 6 |  7- 9 | 10-12 | 13-15 | 16-18 || total
-------------------------+-------+-------+-------+-------+-------+-------++-------
Melee: Short sword       |    83 |   125 |       |       |       |       ||   208
       Dagger            |       |    59 |   285 |       |       |       ||   344
       Quick blade       |       |       |    16 |   933 |  1602 |   190 ||  2741
 Fire: Hand crossbow     |       |       |       |    72 |    91 |    48 ||   211
       Arbalest          |       |       |       |       |       |   514 ||   514
Invok: Berserk           |     2 |     7 |    10 |    14 |    27 |     4 ||    64
       Burn Spellbooks   |       |       |     1 |       |     1 |     1 ||     3
       Brothers in Arms  |       |       |       |     2 |     4 |     5 ||    11
       Trog's Hand       |       |       |       |       |     3 |     3 ||     6
 Abil: Stop Flying       |       |       |       |     1 |       |       ||     1
  Use: Scroll            |       |     9 |     6 |    10 |     6 |     8 ||    39
       Potion            |       |       |     4 |     1 |     3 |    10 ||    18
 Stab: Sleeping          |       |       |     3 |     5 |    15 |       ||    23
       Distracted        |       |       |       |       |     4 |       ||     4
  Eat: Chunk             |    12 |     9 |    23 |    41 |    59 |    22 ||   166
Armor: Animal skin       |     7 |    24 |    12 |    28 |       |       ||    71
       Ring mail         |       |    18 |    35 |       |       |       ||    53
       Troll leather arm |       |       |       |    54 |    85 |       ||   139
       Robe              |       |       |       |       |     8 |    45 ||    53
Dodge: Dodged            |    54 |   135 |   125 |   733 |   704 |   389 ||  2140

Vault maps used:
D:1:      saegor_arrival_simple_c, serial_bayou_pond_d
D:2:      nemelex_diamond_rough_becter
D:3:      uniq_robin, uniq_crazy_yiuf_cottage, uniq_natasha, uniq_ijyb
D:5:      first_bread
D:6:      temple_doors_e, minmay_misc_feat_alley, uniq_pikel
D:8:      basic_altar, the_bakery
D:9:      erik_lair_dragon, serial_shops, shop
D:10:     minivault_23, kennysheep_generic_room_5
D:11:     orc_0_dummy, hangedman_decor_peaks_small, uniq_psyche
D:12:     basic_altar
D:13:     lab_entry_generic
Lair:1:   basic_altar, grunt_megastairs_2, lemuel_fruit_tree
Lair:2:   grunt_forest_large_clearings, serial_bayou_shore_b
Lair:3:   dummy_snake_entry, roderic_batcave, roderic_carrion_pond,
          grunt_megastairs_4
Lair:4:   shoals_dummy_entry
Lair:5:   dpeg_slime_entry_enclosed_altar
Lair:6:   guppyfry_lair_end_dragon, wormcave, basic_altar,
          minmay_another_anthill
Snake:1:  basic_altar
Snake:2:  nicolae_aizul_guard, serial_shops, nicolae_shop_crystal,
          serial_bayou_shore_b
Snake:3:  basic_altar, uniq_bai_suzhen
Orc:2:    st_orc_rangers, basic_altar, serial_shops, shop, shop,
          nicolae_orc_pool_cavern, uniq_sonja
Lab:      nicolae_lab_dead_adventurers, nicolae_lab_grate, nicolae_lab_grate_2

Notes
Turn   | Place    | Note
-------+----------+-------------------------------------------
     0 | D:1      | Jazqa the Kobold Berserker began the quest for the Orb.
     0 | D:1      | Reached XP level 1. HP: 14/14 MP: 1/1
   383 | D:1      | Reached XP level 2. HP: 19/19 MP: 2/2
   522 | D:1      | Reached XP level 3. HP: 22/24 MP: 3/3
   874 | D:1      | Reached skill level 5 in Short Blades
  1118 | D:1      | Reached skill level 4 in Fighting
  1599 | D:2      | Reached XP level 4. HP: 29/29 MP: 4/4
  1768 | D:2      | Reached ** piety under Trog
  1931 | D:2      | Found a sparkling altar of Nemelex Xobeh.
  2186 | D:3      | Noticed Ijyb
  2202 | D:3      | Killed Ijyb
  2204 | D:3      | Reached XP level 5. HP: 34/34 MP: 5/5
  2358 | D:3      | Found a runed door.
  2407 | D:3      | Noticed Crazy Yiuf
  2416 | D:3      | Killed Crazy Yiuf
  2416 | D:3      | Reached skill level 5 in Fighting
  2416 | D:3      | Reached skill level 6 in Short Blades
  2646 | D:3      | Noticed Robin
  2679 | D:3      | Killed Robin
  3006 | D:3      | Noticed Natasha
  3011 | D:3      | Killed Natasha
  3011 | D:3      | Reached XP level 6. HP: 40/40 MP: 6/6
  3500 | D:4      | Noticed letownia2's ghost (amateur DDNe)
  3514 | D:4      | Killed letownia2's ghost
  3514 | D:4      | Reached skill level 6 in Fighting
  3514 | D:4      | Reached skill level 7 in Short Blades
  3635 | D:4      | Reached XP level 7. HP: 28/46 MP: 7/7
  3858 | D:4      | Reached *** piety under Trog
  4469 | D:5      | Entered Level 5 of the Dungeon
  4579 | D:5      | Reached skill level 8 in Short Blades
  5262 | D:6      | Reached skill level 7 in Fighting
  5262 | D:6      | Reached XP level 8. HP: 53/53 MP: 8/8
  5392 | D:6      | Reached skill level 9 in Short Blades
  5423 | D:6      | Reached skill level 8 in Fighting
  5435 | D:6      | HP: 5/54 [poisoned by an orc priest]
  5437 | D:6      | Identified a potion of resistance
  6009 | D:6      | Found a staircase to the Ecumenical Temple.
  6033 | D:6      | Noticed Pikel
  6048 | D:6      | Killed Pikel
  6048 | D:6      | Reached skill level 10 in Short Blades
  6048 | D:6      | Reached skill level 2 in Crossbows
  6048 | D:6      | Reached skill level 3 in Dodging
  6048 | D:6      | Reached XP level 9. HP: 60/60 MP: 9/9
  6238 | D:6      | Reached skill level 3 in Crossbows
  6238 | D:6      | Reached skill level 4 in Dodging
  6350 | D:7      | Reached skill level 9 in Fighting
  6553 | D:7      | Reached skill level 4 in Crossbows
  6553 | D:7      | Reached skill level 5 in Dodging
  6659 | D:7      | Reached **** piety under Trog
  7013 | D:7      | Identified a scroll of acquirement
  7016 | D:7      | Got a jewelled quick blade
  7017 | D:7      | Identified the +5 quick blade of Proximity {antimagic, rElec} (You acquired it on level 7 of the Dungeon)
  7108 | D:8      | Found an iron altar of Okawaru.
  7134 | D:8      | Reached skill level 5 in Crossbows
  7142 | D:8      | Reached XP level 10. HP: 58/66 MP: 3/10
  7287 | D:7      | Reached skill level 6 in Dodging
  7762 | D:8      | Reached skill level 10 in Fighting
  7762 | D:8      | Reached skill level 6 in Crossbows
  7780 | D:8      | Noticed a two-headed ogre
  7788 | D:8      | Killed a two-headed ogre
  7788 | D:8      | Reached skill level 7 in Dodging
  7965 | D:8      | Reached skill level 7 in Crossbows
  8686 | D:9      | Reached skill level 8 in Dodging
  8710 | D:9      | Found Cemel's Magic Scroll Emporium.
  9147 | D:9      | Noticed a two-headed ogre
  9159 | D:9      | Killed a two-headed ogre
  9159 | D:9      | Reached skill level 11 in Fighting
  9159 | D:9      | Reached skill level 8 in Crossbows
  9159 | D:9      | Reached XP level 11. HP: 74/74 MP: 3/11
  9416 | D:9      | Reached skill level 9 in Dodging
  9625 | D:9      | Received a gift from Trog
 10276 | D:9      | Reached skill level 9 in Crossbows
 10488 | D:9      | Found a staircase to the Lair.
 10520 | Lair:1   | Entered Level 1 of the Lair of Beasts
 10928 | Lair:1   | Reached skill level 10 in Dodging
 11112 | Lair:1   | Found a bloodstained altar of Trog.
 11378 | Lair:1   | Reached ***** piety under Trog
 11378 | Lair:1   | Reached skill level 12 in Fighting
 11613 | Lair:2   | Reached skill level 10 in Crossbows
 11779 | Lair:2   | Reached XP level 12. HP: 37/81 MP: 4/12
 12034 | Lair:2   | Noticed a seven-headed hydra
 12047 | Lair:2   | Killed a seven-headed hydra
 12047 | Lair:2   | Reached skill level 11 in Dodging
 12888 | Lair:3   | Noticed a seven-headed hydra
 12898 | Lair:3   | Killed a seven-headed hydra
 12898 | Lair:3   | Reached skill level 11 in Crossbows
 12900 | Lair:3   | Received a gift from Trog
 13146 | Lair:3   | Found a staircase to the Snake Pit.
 13377 | Lair:3   | Noticed an eight-headed hydra
 13389 | Lair:3   | Killed an eight-headed hydra
 13389 | Lair:3   | Reached skill level 13 in Fighting
 13538 | Lair:3   | Reached skill level 12 in Dodging
 13748 | Lair:3   | Reached skill level 1 in Stealth
 14016 | Lair:4   | Reached skill level 2 in Stealth
 14116 | Lair:4   | Reached skill level 3 in Stealth
 14116 | Lair:4   | Reached XP level 13. HP: 63/87 MP: 4/13
 14225 | Lair:4   | Reached skill level 12 in Crossbows
 14407 | Lair:4   | Reached skill level 4 in Stealth
 14553 | Lair:4   | Received a gift from Trog
 14714 | Lair:4   | Found a staircase to the Shoals.
 14850 | Lair:4   | Reached skill level 5 in Stealth
 15502 | Lair:5   | Noticed a five-headed hydra
 15513 | Lair:5   | Killed a five-headed hydra
 15661 | Lair:5   | Reached skill level 6 in Stealth
 15752 | Lair:5   | Found a viscous altar of Jiyva.
 15753 | Lair:5   | Found a staircase to the Slime Pits.
 15935 | Lair:5   | Reached skill level 13 in Dodging
 16182 | Lair:6   | Entered Level 6 of the Lair of Beasts
 16256 | Lair:6   | Noticed an entropy weaver
 16256 | Lair:6   | Noticed an entropy weaver
 16267 | Lair:6   | Killed an entropy weaver
 16268 | Lair:6   | Reached skill level 7 in Stealth
 16323 | Lair:5   | Killed an entropy weaver
 16323 | Lair:5   | Received a gift from Trog
 16323 | Lair:5   | Reached skill level 13 in Crossbows
 16327 | Lair:5   | Reached skill level 14 in Fighting
 16829 | Lair:6   | Received a gift from Trog
 16871 | Lair:6   | Reached skill level 8 in Stealth
 16982 | Lair:6   | Noticed a five-headed hydra
 16986 | Lair:6   | Reached XP level 14. HP: 95/95 MP: 4/14
 17309 | Lair:6   | Reached skill level 9 in Stealth
 17391 | Lair:6   | Found a glowing silver altar of Zin.
 17746 | Lair:6   | Reached skill level 14 in Dodging
 17967 | Lair:6   | Reached skill level 10 in Stealth
 18224 | Lair:6   | Reached skill level 14 in Crossbows
 18232 | Lair:6   | Received a gift from Trog
 18525 | Lair:6   | Received a gift from Trog
 18525 | Lair:6   | Reached skill level 15 in Fighting
 18876 | Lair:6   | Found a runed door.
 19543 | D:10     | Entered Level 10 of the Dungeon
 19558 | D:10     | Reached skill level 11 in Stealth
 19669 | D:10     | Noticed letownia2's ghost (journeyman DDNe)
 19713 | D:10     | Killed letownia2's ghost
 19713 | D:10     | Received a gift from Trog
 20093 | D:10     | Reached XP level 15. HP: 103/103 MP: 5/15
 20675 | D:11     | Noticed Psyche
 20698 | D:11     | Killed Psyche
 21040 | D:11     | Found a staircase to the Orcish Mines.
 21049 | Orc:1    | Entered Level 1 of the Orcish Mines
 21055 | Orc:1    | Reached ****** piety under Trog
 21091 | Orc:1    | Received a gift from Trog
 21731 | Orc:2    | Entered Level 2 of the Orcish Mines
 21731 | Orc:2    | Found a staircase to the Elven Halls.
 21734 | Orc:2    | Received a gift from Trog
 22000 | Orc:2    | Found Kiuh's Distillery.
 22001 | Orc:2    | Noticed Sonja
 22009 | Orc:2    | Killed Sonja
 22009 | Orc:2    | Received a gift from Trog
 22268 | Orc:2    | Bought a potion of experience for 800 gold pieces
 22269 | Orc:2    | Reached skill level 15 in Crossbows
 22269 | Orc:2    | Reached skill level 15 in Dodging
 22269 | Orc:2    | Reached skill level 12 in Stealth
 22269 | Orc:2    | Reached XP level 16. HP: 57/110 MP: 10/16
 22541 | Orc:2    | Found Jyppaoss's Book Shop.
 22693 | Orc:2    | Found a burning altar of Makhleb.
 22949 | Orc:2    | Found Veamiy's Gadget Shop.
 22949 | Orc:2    | Found Uxierygoff's Distillery.
 22953 | Orc:2    | Found Vugoko Ludgh's Armour Shoppe.
 22955 | Orc:2    | Found Vekusap's Jewellery Boutique.
 22960 | Orc:2    | Bought a potion of heal wounds for 65 gold pieces
 22960 | Orc:2    | Bought a potion of heal wounds for 65 gold pieces
 22960 | Orc:2    | Bought a potion of agility for 52 gold pieces
 22960 | Orc:2    | Bought a potion of might for 52 gold pieces
 23006 | Orc:2    | Received a gift from Trog
 23889 | D:12     | Reached skill level 16 in Fighting
 23972 | D:12     | Reached skill level 13 in Stealth
 24027 | D:12     | Found a radiant altar of Vehumet.
 24837 | D:12     | Received a gift from Trog
 25288 | D:13     | Found a labyrinth entrance.
 25296 | Lab      | Entered a labyrinth
 25775 | Lab      | Got a dazzling leather armour
 25786 | Lab      | Identified the +3 leather armour "Diuh" {Str+5} (You took it off a minotaur in a labyrinth)
 25806 | Lab      | Identified Unoaryfy's Collected Works on Good Luck
 25875 | D:13     | Got a scorched crystal amulet
 26544 | D:13     | Received a gift from Trog
 27124 | Snake:1  | Entered Level 1 of the Snake Pit
 27345 | Snake:1  | Identified the amulet of Lushroaqe {+Rage Int+6} (You found it on level 13 of the Dungeon)
 27463 | Snake:1  | Found an iron altar of Okawaru.
 27488 | Snake:1  | Reached skill level 14 in Stealth
 27514 | Snake:1  | Received a gift from Trog
 27525 | Snake:1  | HP: 8/111 [mana viper (19)]
 27538 | Snake:1  | Reached skill level 16 in Dodging
 27550 | Snake:1  | Reached XP level 17. HP: 28/116 MP: 1/17
 27974 | Snake:1  | Reached skill level 16 in Crossbows
 28917 | Snake:1  | Received a gift from Trog
 29184 | Snake:2  | You fall through a shaft!
 29196 | Snake:3  | Noticed Bai Suzhen
 29221 | Snake:3  | Mangled by a naga warrior

Vanquished Creatures
  An entropy weaver (Lair:5)
  An ettin (Orc:1)
  A minotaur (Lab)
  A fire dragon (Lair:6)
  6 hydras
  The ghost of letownia2 the Reanimator, a journeyman DDNe of Gozag (D:10)
  An ice dragon (Lair:6)
  3 naga warriors (Snake:1)
  A centaur warrior (D:13)
  2 catoblepae
  2 anacondas (Snake:1)
  6 two-headed ogres
  A death knight (D:12)
  2 death yaks (Lair:6)
  3 shock serpents (Snake:1)
  Sonja (Orc:2)
  A salamander mystic (Snake:3)
  An unseen horror (D:11)
  A naga ritualist (Snake:1)
  A swamp dragon (Lair:6)
  A lindwurm (Lair:6)
  Pikel (D:6)
  An orc knight (Orc:2)
  An ugly thing (D:13)
  An oklob plant (Lair:5)
  A deep elf mage (D:12)
  2 mana vipers (Snake:1)
  A manticore (D:12)
  10 elephants (Lair:6)
  2 cyclopes (D:12)
  A salamander (Snake:1)
  2 guardian serpents (Snake:1)
  Psyche (D:11)
  5 naga magi (Snake:1)
  13 black mambas
  7 torpor snails
  6 spiny frogs
  3 rime drakes (Lair:6)
  5 komodo dragons
  A yaktaur (shapeshifter) (D:13)
  4 trolls
  3 tyrant leeches (Lair:6)
  A polar bear (Lair:3)
  6 hornets
  15 dream sheep
  23 blink frogs
  12 slime creatures
  15 hippogriffs
  5 redbacks
  33 yaks
  A spriggan (D:8)
  A shadow (D:11)
  2 water elementals (D:12)
  5 wyverns
  2 wraiths
  5 basilisks
  5 steam dragons
  5 hungry ghosts
  3 vampire mosquitoes (D:13)
  4 wargs
  12 nagas
  5 soldier ants (Lair:6)
  An acid dragon (Lair:6)
  8 porcupines
  10 water moccasins
  34 orc warriors
  A slave (D:6)
  2 ice beasts
  4 sky beasts
  3 black bears
  A phantom (D:11)
  5 necrophages (Lair:3)
  The ghost of letownia2 the Grave Robber, an amateur DDNe (D:4)
  6 ogres
  26 wolves
  23 centaurs
  13 crocodiles
  3 big kobolds
  14 bullfrogs
  A wyvern zombie (D:12)
  A gnoll sergeant (D:12)
  A wyvern skeleton (D:8)
  8 killer bees
  2 scorpions
  11 wights
  2 vampire bats (Lair:3)
  3 electric eels (D:12)
  A howler monkey (D:4)
  3 crimson imps
  A centaur zombie (D:6)
  8 hounds
  12 orc priests
  Crazy Yiuf (D:3)
  A gnoll shaman (Orc:1)
  3 jellies
  3 bullfrog skeletons
  A centaur skeleton (D:4)
  5 iguanas
  Ijyb (D:3)
  Natasha (D:3)
  24 orc wizards
  4 hell rats (Lair:3)
  23 worker ants
  Robin (D:3)
  2 howler monkey zombies
  8 gnolls
  8 adders
  2 shadow imps
  4 oozes
  An adder zombie (D:9)
  2 worms
  2 dart slugs
  2 leopard geckos
  66 orcs
  11 bats
  4 giant cockroaches
  11 hobgoblins
  7 jackals
  4 quokkas
  A ball python (D:2)
  2 frilled lizards
  12 goblins
  20 kobolds
  A quokka zombie (D:7)
  8 rats
  A plant (Lair:6)
725 creatures vanquished.

Vanquished Creatures (collateral kills)
  An entropy weaver (Lair:6)
  A naga warrior (Snake:1)
  A death yak (Lair:6)
  A queen ant (Lair:6)
  A naga sharpshooter (Snake:1)
  A naga ritualist (Snake:3)
  A mana viper (Snake:3)
  An orc knight (Orc:2)
  2 salamanders (Snake:1)
  A black mamba (Snake:1)
  A rime drake (Lair:6)
  A tyrant leech (Lair:6)
  A hornet (Lair:6)
  A blink frog (Lair:6)
  A yak (Lair:6)
  A warg (Orc:2)
  5 nagas (Snake:1)
  A water moccasin (Lair:6)
  An acid dragon (Lair:6)
  A soldier ant (Lair:6)
  A centaur (Orc:2)
  3 wolves (Lair:2)
  A crocodile (Lair:6)
  2 worker ants (Lair:6)
32 creatures vanquished.

Vanquished Creatures (others)
  An orc wizard (D:12)
  An orc (D:12)
  A bush (Lair:6)
  24 fungi
  35 plants
62 creatures vanquished.

Grand Total: 819 creatures vanquished
